[Event "Titled Tuesday Blitz August 22 Late 2023"]
[White "Sarana, Alexey"]
[Black "Haydon, David L"]
[WhiteFideId "24133795"]
[BlackFideId "415405"]
[WhiteElo "3068"]
[BlackElo "2737"]
[Result "1-0"]
[Round "3"]
[TimeControl "180+1"]
[Date "2023.08.22"]
[WhiteClock "0:01:51"]
[BlackClock "0:00:52"]
[Board "7"]

1. d4 c6 2. c4 d5 3. Nf3 Nf6 4. Nc3 e6 5. e3 Bd6 6. Qc2 Nbd7 7. Be2 O-O 8. O-O Qe7 9. e4 dxe4 10. Nxe4 Nxe4 11. Qxe4 e5 12. c5 Bc7 13. Bg5 f6 14. Bd3 g6 15. Bh6 Re8 16. Bc4+ Kh8 17. Rfe1 Nf8 18. dxe5 fxe5 19. Bg5 Qg7 20. Qh4 Nd7 21. Rad1 h5 22. Rxd7 Qxd7 23. Bf6+ Kh7 24. Ng5+ Kh6 25. Nf7+ Kh7 26. Qg5 1-0


[Site "https://www.chess.com"]

[Event "Titled Tuesday Blitz August 22 Late 2023"]
[White "Bluebaum, Matthias"]
[Black "Liyanage, Ranindu Dilshan"]
[WhiteFideId "24651516"]
[BlackFideId "9915834"]
[WhiteElo "3031"]
[BlackElo "2730"]
[Result "1-0"]
[Round "3"]
[TimeControl "180+1"]
[Date "2023.08.22"]
[WhiteClock "0:00:10"]
[BlackClock "0:00:00"]
[Board "8"]

1. d4 d5 2. c4 e6 3. Nc3 Nf6 4. cxd5 exd5 5. Bg5 Bb4 6. e3 h6 7. Bf4 O-O 8. Bd3 c5 9. Ne2 Nc6 10. a3 cxd4 11. axb4 dxc3 12. bxc3 Qe7 13. O-O Ne5 14. Nd4 Bd7 15. Be2 Rfc8 16. Qb3 Nc4 17. Rfd1 Ne4 18. Nf3 Be6 19. Qc2 Nb6 20. Be5 Qxb4 21. Rdb1 Qe7 22. Bd4 Bf5 23. Bd3 Nc4 24. Rb5 Na3 25. Rxa3 Qxa3 26. h3 Be6 27. Bxe4 dxe4 28. Qxe4 b6 29. Ng5 hxg5 30. Rxg5 Qf8 31. Rh5 Qd6 32. Qh4 f6 33. Bxf6 Kf7 34. Be5 Qd1+ 35. Kh2 Rc4 36. Qg5 Rg8 37. Rh7 Qd5 38. f3 Rc5 39. f4 Rc4 40. h4 Re4 41. Rxg7+ Rxg7 42. Qxg7+ Ke8 43. Bf6 Bf7 44. Qh8+ Kd7 45. Qb8 Ra4 46. c4 Qxc4 47. Qd8+ Kc6 48. Bd4 Kb5 49. h5 Ra2 50. h6 Bd5 51. Qe8+ Ka6 52. e4 Qxd4 53. h7 Qxe4 54. Qxe4 Bxe4 55. h8=Q Rxg2+ 56. Kh3 Bc6 57. f5 Rf2 58. Kg4 Bd7 59. Qa1+ Kb7 60. Qd4 Bxf5+ 61. Kg5 Rc2 62. Kxf5 Rc5+ 63. Ke6 a5 64. Qe4+ Ka6 65. Kd6 Kb5 66. Qd3+ Kb4 67. Qd2+ Kb5 68. Qd3+ Kb4 69. Qb1+ Kc4 70. Qxb6 Rd5+ 71. Kc6 Rd4 72. Qxa5 Kd3 73. Qa3+ Ke4 74. Qc1 Kd3 75. Kc5 Re4 76. Qd1+ Ke3 77. Kd5 Rf4 78. Qe1+ Kf3 79. Ke5 Rg4 80. Qf1+ Kg3 81. Kf5 Rh4 82. Qg1+ Kh3 83. Kg5 1-0


[Site "https://www.chess.com"]

[Event "Titled Tuesday Blitz August 22 Late 2023"]
[White "Koellner, Ruben Gideon"]
[Black "Mamedov, Rauf"]
[WhiteFideId "12993093"]
[BlackFideId "13401653"]
[WhiteElo "2721"]
[BlackElo "3029"]
[Result "0-1"]
[Round "3"]
[TimeControl "180+1"]
[Date "2023.08.22"]
[WhiteClock "0:00:05"]
[BlackClock "0:00:08"]
[Board "9"]

1. d4 Nf6 2. Nf3 g6 3. Nbd2 Bg7 4. e4 O-O 5. c3 d6 6. Bc4 c5 7. dxc5 dxc5 8. Qe2 Nc6 9. O-O Qc7 10. Re1 Nd7 11. a4 b6 12. Ba6 Rd8 13. Bxc8 Raxc8 14. Nc4 Nf8 15. g3 Ne6 16. Ng5 Nxg5 17. Bxg5 Qd7 18. Rad1 Qe6 19. f3 h6 20. Be3 h5 21. h4 Rb8 22. Kg2 Rbc8 23. Bf4 Kh7 24. Rh1 Kg8 25. Rhe1 Kh7 26. Rh1 Bh6 27. Bxh6 Kxh6 28. g4 hxg4 29. fxg4 Rxd1 30. Rxd1 Kg7 31. Rd5 Rh8 32. Kg3 Qc8 33. Qf3 Qc7+ 34. e5 Rd8 35. h5 Rxd5 36. Qxd5 f6 37. Kf4 Qc8 38. hxg6 Kxg6 39. exf6 Qc7+ 40. Kf3 Kxf6 41. Qf5+ Kg7 42. Qe6 Nd8 43. Qe5+ Qxe5 44. Nxe5 Kf6 45. Kf4 Ne6+ 46. Ke4 Ng5+ 47. Kf4 Nh3+ 48. Ke4 Nf2+ 49. Kf4 Nh3+ 50. Ke4 Nf2+ 51. Kf4 Ke6 52. Nc6 Nd3+ 53. Ke4 Nxb2 54. Nxa7 Nxa4 55. Nb5 Nb2 56. g5 Nc4 57. Nc7+ Kf7 58. Nd5 e6 59. Nf4 Nd2+ 60. Ke5 Nf3+ 61. Kd6 Nxg5 62. Kc6 e5 63. Ne2 Ne4 64. Kxb6 Ke6 65. Kc6 c4 66. Kb5 Kd5 67. Kb4 Nf2 68. Ng3 e4 69. Nf5 Nd3+ 70. Kb5 Nb2 71. Ne3+ Ke5 72. Kb4 Kf4 73. Nd5+ Kf3 74. Ka3 Nd3 75. Ka4 e3 76. Nxe3 Kxe3 77. Kb5 Ne5 78. Kc5 Kd3 79. Kd5 Nf3 0-1


[Site "https://www.chess.com"]

[Event "Titled Tuesday Blitz August 22 Late 2023"]
[White "Martinez Alcantara, Jose Eduardo"]
[Black "Preotu, Razvan"]
[WhiteFideId "3805662"]
[BlackFideId "2613280"]
[WhiteElo "3024"]
[BlackElo "2721"]
[Result "1-0"]
[Round "3"]
[TimeControl "180+1"]
[Date "2023.08.22"]
[WhiteClock "0:00:52"]
[BlackClock "0:00:00"]
[Board "10"]

1. e4 c5 2. Nf3 d6 3. c3 Nf6 4. h3 Nc6 5. Bd3 e5 6. Bc2 g6 7. O-O Bg7 8. d4 cxd4 9. cxd4 exd4 10. Nxd4 O-O 11. Nxc6 bxc6 12. Nc3 d5 13. Bg5 h6 14. Be3 dxe4 15. Nxe4 Nxe4 16. Bxe4 Ba6 17. Re1 Bxb2 18. Bxc6 Rc8 19. Rb1 Bc3 20. Qf3 Bxe1 21. Rxe1 Qd6 22. Be4 h5 23. Rd1 Qe7 24. Bd5 Rfd8 25. Rd4 Bc4 26. Rxc4 Rxc4 27. Bxc4 a5 28. Bb3 Kg7 29. g3 h4 30. g4 a4 31. Bxa4 Qe5 32. Bb3 f6 33. Kg2 g5 34. Qb7+ Kh8 35. Bc2 Kg8 36. Qh7+ Kf8 37. Bb3 1-0


[Site "https://www.chess.com"]

[Event "Titled Tuesday Blitz August 22 Late 2023"]
[White "carokannlover213"]
[Black "Sadhwani, Raunak"]
[BlackFideId "35093487"]
[WhiteElo "2709"]
[BlackElo "3017"]
[Result "0-1"]
[Round "3"]
[TimeControl "180+1"]
[Date "2023.08.22"]
[WhiteClock "0:00:02"]
[BlackClock "0:00:28"]
[Board "11"]

1. e4 d6 2. d4 g6 3. Nc3 Bg7 4. f4 Nf6 5. Nf3 c5 6. Bb5+ Nfd7 7. e5 cxd4 8. Qxd4 dxe5 9. fxe5 O-O 10. Bf4 a6 11. Bxd7 Bxd7 12. O-O-O Qa5 13. Qd5 Qc7 14. Bg3 Be6 15. Qe4 Nc6 16. Nd5 Qa5 17. Kb1 Rfd8 18. Nc3 Bf5 19. Qe2 Nb4 20. Nd4 Rxd4 21. Rxd4 Nxc2 22. Re4 Nd4 23. Qe3 Ne6 24. Rf1 Rd8 25. Rxf5 gxf5 26. Rh4 Qc5 27. Qxc5 Nxc5 28. Kc2 Ne6 29. a4 Nd4+ 30. Kb1 Nc6 31. Ne2 Nxe5 32. Rf4 e6 33. Rf1 Rd2 34. Nc3 Nc4 35. Nd1 Nxb2 36. Nxb2 Rxb2+ 37. Kc1 Ra2 38. Rf3 Rxa4 39. Rd3 Bh6+ 40. Kb1 Bg5 41. Rd7 Bf6 42. Rxb7 Ra1+ 43. Kc2 Ra2+ 44. Kb1 Rxg2 45. Ra7 Rb2+ 46. Kc1 Rb6 47. Bf4 Kg7 48. h3 Rc6+ 49. Kd2 Kg6 50. Kd3 e5 51. Be3 e4+ 52. Ke2 Be5 53. Rb7 f4 54. Bg1 f6 55. Rb1 Kf5 56. Kf1 f3 57. Bf2 Rd6 58. Re1 Rd5 59. Be3 Bf4 60. Bf2 Re5 61. Be3 Bxe3 62. Rxe3 Kf4 63. Kf2 Rg5 64. Re1 Rg2+ 65. Kf1 e3 66. h4 e2+ 67. Rxe2 Rxe2 68. h5 a5 69. h6 a4 70. Kg1 a3 71. Kf1 a2 0-1


[Site "https://www.chess.com"]

[Event "Titled Tuesday Blitz August 22 Late 2023"]
[White "Komov, Roman"]
[Black "Nguyen, Ngoc Truong Son"]
[WhiteFideId "24175714"]
[BlackFideId "12401110"]
[WhiteElo "2705"]
[BlackElo "3009"]
[Result "1/2-1/2"]
[Round "3"]
[TimeControl "180+1"]
[Date "2023.08.22"]
[WhiteClock "0:00:20"]
[BlackClock "0:01:03"]
[Board "12"]

1. e4 g6 2. d4 Bg7 3. Nf3 d6 4. Be3 a6 5. c4 Nf6 6. Nc3 Ng4 7. Bf4 c5 8. d5 e5 9. dxe6 Bxe6 10. Qxd6 Qxd6 11. Bxd6 Nc6 12. Bxc5 O-O-O 13. Be2 Bxc3+ 14. bxc3 Nge5 15. Nxe5 Nxe5 16. Bd4 f6 17. f4 Nd7 18. c5 Rhe8 19. c6 bxc6 20. Bxa6+ Kc7 21. O-O Ra8 22. Be2 c5 23. Be3 Bd5 24. exd5 Rxe3 25. Bb5 Nb6 26. c4 Rc3 27. Rac1 Rxc1 28. Rxc1 Rxa2 29. Re1 Nc8 30. h3 f5 31. Kh2 Rd2 32. Re6 Nd6 33. Re7+ Kb6 34. Re6 Kc7 35. Re7+ Kb6 36. Re6 Kc7 1/2-1/2


[Site "https://www.chess.com"]

[Event "Titled Tuesday Blitz August 22 Late 2023"]
[White "Matlakov, Maxim"]
[Black "Matinian, Nikita"]
[WhiteFideId "4168003"]
[BlackFideId "24129100"]
[WhiteElo "3004"]
[BlackElo "2704"]
[Result "1-0"]
[Round "3"]
[TimeControl "180+1"]
[Date "2023.08.22"]
[WhiteClock "0:01:35"]
[BlackClock "0:00:05"]
[Board "13"]

1. e4 c5 2. Nf3 d6 3. Bb5+ Nd7 4. O-O a6 5. Bxd7+ Bxd7 6. c3 g6 7. d4 Bg7 8. h3 Rc8 9. Re1 Qb6 10. a4 Nh6 11. a5 Qc7 12. d5 O-O 13. Nbd2 e5 14. dxe6 Bxe6 15. Nf1 f5 16. Ng5 Rce8 17. Bf4 Be5 18. Nxe6 Rxe6 19. Bxh6 Rfe8 20. exf5 Bh2+ 21. Nxh2 Rxe1+ 22. Qxe1 Rxe1+ 23. Rxe1 gxf5 24. Nf3 Kf7 25. Ng5+ Kg6 26. Re6+ Kh5 27. f4 Qxa5 28. Bf8 Kh4 29. Kh2 h5 30. g3# 1-0


[Site "https://www.chess.com"]

[Event "Titled Tuesday Blitz August 22 Late 2023"]
[White "Xiong, Jeffery"]
[Black "Kourkoulos-Arditis, Stamatis"]
[WhiteFideId "2047640"]
[BlackFideId "4221990"]
[WhiteElo "2996"]
[BlackElo "2701"]
[Result "1-0"]
[Round "3"]
[TimeControl "180+1"]
[Date "2023.08.22"]
[WhiteClock "0:00:54"]
[BlackClock "0:00:00"]
[Board "14"]

1. e4 Nf6 2. e5 Nd5 3. c4 Nb6 4. d4 d6 5. f4 Bf5 6. Nc3 dxe5 7. fxe5 Nc6 8. Be3 e6 9. Nf3 Bg4 10. Qd2 Bb4 11. a3 Bxc3 12. Qxc3 Bxf3 13. gxf3 Qh4+ 14. Bf2 Qf4 15. Rg1 O-O-O 16. Rg4 Qf5 17. O-O-O Rd7 18. Rxg7 Rhd8 19. Be2 Qh3 20. Rg4 Qxh2 21. Qe3 Qh5 22. Rh4 Qg6 23. Rg1 Qf5 24. Rg5 Nxd4 25. Rxd4 Rxd4 26. Rxf5 exf5 27. Qxd4 Rxd4 28. Bxd4 Nd7 29. f4 Nf8 30. Bh5 Ng6 31. Be3 Kd7 32. Kd2 b6 33. b4 Ke6 34. Kd3 f6 35. exf6 Kxf6 36. Kd4 Ne7 37. Bf3 Kg6 38. Bf2 Kf6 39. Bh4+ Ke6 40. Bxe7 Kxe7 41. Ke5 1-0


[Site "https://www.chess.com"]

[Event "Titled Tuesday Blitz August 22 Late 2023"]
[White "Hjartarson, Johann"]
[Black "Van Foreest, Jorden"]
[WhiteFideId "2300044"]
[BlackFideId "1039784"]
[WhiteElo "2700"]
[BlackElo "2994"]
[Result "0-1"]
[Round "3"]
[TimeControl "180+1"]
[Date "2023.08.22"]
[WhiteClock "0:00:01"]
[BlackClock "0:00:19"]
[Board "15"]

1. c4 g6 2. g3 Bg7 3. Bg2 e6 4. Nc3 Ne7 5. d4 d5 6. Nf3 Nbc6 7. cxd5 exd5 8. O-O h6 9. Re1 O-O 10. e4 dxe4 11. Nxe4 Bg4 12. Be3 Nf5 13. d5 Nce7 14. h3 Nxe3 15. Rxe3 Bxf3 16. Qxf3 Nxd5 17. Rd3 c6 18. Nc3 Bxc3 19. bxc3 Qf6 20. Rb1 Qxf3 21. Bxf3 Nb6 22. c4 Na4 23. Re3 Rab8 24. Ra3 Nc5 25. Ra5 Na6 26. Rd1 Rfc8 27. Rd7 Rc7 28. Rxc7 Nxc7 29. Rxa7 Ne6 30. a4 Nc5 31. Ra5 Nb3 32. Ra7 Kg7 33. a5 Nc5 34. a6 bxa6 35. Bxc6 Rd8 36. Bd5 Rd7 37. Ra8 Kf6 38. Rc8 Nb3 39. Rc6+ Ke5 40. Rxa6 Rc7 41. Kg2 Nc5 42. Rb6 Kd4 43. Rb8 Ra7 44. Rf8 f5 45. Rf6 Ra2 46. Rxg6 Nd3 47. Rxh6 Nxf2 48. Kf1 Nd1 49. Rd6 Ne3+ 50. Ke1 Kd3 51. Be6+ Ke4 52. c5 Kf3 53. Bd5+ Kxg3 54. c6 Rc2 55. Rg6+ Kf4 56. Bf7 Kf3 57. Bd5+ Nxd5 0-1


[Site "https://www.chess.com"]

[Event "Titled Tuesday Blitz August 22 Late 2023"]
[White "Harikrishna, Pentala"]
[Black "Papasimakopoulos, Alexandros"]
[WhiteFideId "5007003"]
[BlackFideId "4244125"]
[WhiteElo "2983"]
[BlackElo "2694"]
[Result "0-1"]
[Round "3"]
[TimeControl "180+1"]
[Date "2023.08.22"]
[WhiteClock "0:00:44"]
[BlackClock "0:01:48"]
[Board "16"]

1. Nf3 d5 2. e3 c6 3. c4 Nf6 4. Qc2 Bg4 5. Ne5 Bh5 6. cxd5 Qxd5 7. f4 Bg6 8. Qb3 Qxb3 9. axb3 Nbd7 10. Nxg6 hxg6 11. b4 e6 12. b5 c5 13. Na3 Nb6 14. b3 Be7 15. Nc4 Nbd5 16. Bb2 O-O 17. Be2 Nb4 18. O-O Nfd5 19. e4 Nb6 20. Na5 Rab8 21. Be5 Rbd8 22. Rfd1 Rd7 23. Nc4 Nxc4 24. Bxc4 b6 25. Bc3 Rfd8 26. Bxb4 cxb4 27. d3 Bc5+ 28. Kf1 Be3 29. g3 g5 30. fxg5 Bxg5 31. Ke2 Bf6 32. Ra2 Bc3 33. h4 g6 34. Rh1 Kg7 35. Ke3 Be5 36. Rg2 Bd4+ 37. Ke2 Rh8 38. g4 Rdd8 39. h5 Rh6 40. Rgh2 Rdh8 41. Kf3 gxh5 42. Rxh5 Rxh5 43. gxh5 Kf6 44. Kf4 Rh6 45. Kg4 Be5 46. Rf1+ Kg7 47. Rf2 Bd4 48. Ra2 f5+ 49. exf5 exf5+ 50. Kxf5 Rxh5+ 51. Ke4 Rh4+ 52. Kd5 Kf6 53. Rxa7 Bc5 54. Kc6 Rh6 55. Rc7 Ke5+ 56. Kb7 Kd4 57. Rc6 Rh7+ 58. Ka6 Rg7 59. Rxb6 Re7 60. Rc6 Ra7# 0-1


[Site "https://www.chess.com"]

[Event "Titled Tuesday Blitz August 22 Late 2023"]
[White "GaiozNigalidze"]
[Black "Paravyan, David"]
[BlackFideId "4194985"]
[WhiteElo "2692"]
[BlackElo "2978"]
[Result "1/2-1/2"]
[Round "3"]
[TimeControl "180+1"]
[Date "2023.08.22"]
[WhiteClock "0:00:46"]
[BlackClock "0:00:34"]
[Board "17"]

1. c4 c5 2. Nf3 Nf6 3. Nc3 Nc6 4. e3 e6 5. d4 d5 6. a3 dxc4 7. Bxc4 a6 8. dxc5 Qxd1+ 9. Nxd1 Bxc5 10. b4 Be7 11. Bb2 b5 12. Be2 Bd7 13. Nc3 O-O 14. O-O Rfb8 15. Rfd1 Be8 16. h3 a5 17. Nxb5 axb4 18. axb4 Rxa1 19. Bxa1 Nxb4 20. Nbd4 Rc8 21. Bb2 h6 22. Rc1 Rxc1+ 23. Bxc1 Ne4 24. Ba3 Kf8 25. Ne5 Nd5 26. Bxe7+ Kxe7 27. Bf3 Nec3 28. Bxd5 Nxd5 29. Nd3 f6 30. Nf4 Nc7 31. Nfe2 Bd7 32. f4 Nd5 33. Kf2 e5 34. fxe5 fxe5 35. Nf3 Kd6 36. Ng3 Nf6 37. Nd2 Ke6 38. Nde4 Bc6 39. Nxf6 Kxf6 40. Ne2 g5 41. g4 Be8 42. Ng3 Bg6 43. e4 Be8 44. Ke3 Bb5 45. Kd2 Ba4 46. Nf5 Kg6 47. Ng3 Kf6 48. Ke2 Kg6 49. Ke3 Kf6 50. Nf5 Kg6 51. Ne7+ Kf7 52. Nf5 Kg6 53. Kd2 Bb5 54. Ng3 Ba4 55. Ke2 Bb3 56. Kd2 Ba4 57. Ke2 Bb3 58. Kd2 Ba4 1/2-1/2


[Site "https://www.chess.com"]

[Event "Titled Tuesday Blitz August 22 Late 2023"]
[White "Olsen, Filip Boe"]
[Black "Vasquez Schroeder, Rodrigo"]
[WhiteFideId "1440640"]
[BlackFideId "3400042"]
[WhiteElo "2690"]
[BlackElo "2967"]
[Result "0-1"]
[Round "3"]
[TimeControl "180+1"]
[Date "2023.08.22"]
[WhiteClock "0:00:19"]
[BlackClock "0:01:17"]
[Board "18"]

1. d4 Nf6 2. Nf3 d6 3. Nbd2 Nbd7 4. g3 g6 5. b3 Bg7 6. Bb2 O-O 7. Bg2 c5 8. O-O Rb8 9. e4 cxd4 10. Bxd4 b6 11. a4 Qc7 12. c4 Bb7 13. Re1 e5 14. Bb2 a5 15. Re3 Nc5 16. Ne1 Bh6 17. Re2 Bxd2 18. Qxd2 Nxb3 19. Qg5 Kg7 20. f4 h6 21. Qh4 Nxa1 22. Bxa1 Rbe8 23. Nd3 Qxc4 24. fxe5 dxe5 25. Nxe5 Qc5+ 26. Rf2 g5 27. Nd7 Qc1+ 28. Rf1 Qxa1 29. Nxf6 Qd4+ 30. Kh1 gxh4 0-1


[Site "https://www.chess.com"]

[Event "Titled Tuesday Blitz August 22 Late 2023"]
[White "Ahmadzada, Ahmad"]
[Black "Rastbod, Ali"]
[WhiteFideId "13413007"]
[BlackFideId "12567477"]
[WhiteElo "2959"]
[BlackElo "2687"]
[Result "1-0"]
[Round "3"]
[TimeControl "180+1"]
[Date "2023.08.22"]
[WhiteClock "0:02:03"]
[BlackClock "0:01:48"]
[Board "19"]

1. e4 c6 2. d4 d5 3. exd5 cxd5 4. Bd3 Nc6 5. c3 Nf6 6. h3 e5 7. dxe5 Nxe5 8. Nf3 Nxd3+ 9. Qxd3 Bd6 10. O-O O-O 11. Be3 Re8 12. Nbd2 Ne4 13. Bd4 Bf5 14. Qb5 Nxd2 15. Nxd2 Bxh3 16. Rfe1 Re6 17. Rxe6 fxe6 18. Qxb7 Rb8 19. Qxg7# 1-0


[Site "https://www.chess.com"]

[Event "Titled Tuesday Blitz August 22 Late 2023"]
[White "Tatarinov, Dmitry"]
[Black "Keymer, Vincent"]
[WhiteFideId "24160067"]
[BlackFideId "12940690"]
[WhiteElo "2679"]
[BlackElo "2955"]
[Result "0-1"]
[Round "3"]
[TimeControl "180+1"]
[Date "2023.08.22"]
[WhiteClock "0:00:45"]
[BlackClock "0:02:21"]
[Board "20"]

1. c4 Nf6 2. Nc3 e5 3. Nf3 Nc6 4. e3 Bb4 5. Nd5 e4 6. Nxb4 Nxb4 7. Nd4 O-O 8. d3 c5 9. Nb5 d5 10. cxd5 exd3 11. Bxd3 Qxd5 12. Be2 Qxg2 13. Bf3 Qg6 14. Ke2 Bg4 15. Rg1 Bxf3+ 16. Kxf3 Qe4+ 17. Ke2 Qc4+ 0-1


[Site "https://www.chess.com"]

[Event "Titled Tuesday Blitz August 22 Late 2023"]
[White "Zhigalko, Sergei"]
[Black "Ghasi, Ameet K"]
[WhiteFideId "13502956"]
[BlackFideId "409200"]
[WhiteElo "2952"]
[BlackElo "2678"]
[Result "1-0"]
[Round "3"]
[TimeControl "180+1"]
[Date "2023.08.22"]
[WhiteClock "0:00:04"]
[BlackClock "0:00:08"]
[Board "21"]

1. e4 g6 2. d4 d6 3. Nc3 Bg7 4. Nf3 Nf6 5. h3 O-O 6. Be3 Nc6 7. d5 Nb4 8. a3 Na6 9. Bxa6 bxa6 10. O-O Bb7 11. Qd2 c6 12. Rfe1 cxd5 13. exd5 Re8 14. Rad1 Qa5 15. Bh6 Bh8 16. Re2 Rac8 17. Qe1 Qc7 18. Ng5 Qd7 19. Rd3 a5 20. Ree3 Rc5 21. Qd2 Rec8 22. Re1 R5c7 23. Rde3 Re8 24. Rd1 Qf5 25. Rf3 Qc8 26. Qe3 Ba8 27. Qd2 Rc5 28. Rd3 Qf5 29. Rf3 Qd7 30. Rd3 Bb7 31. Re1 Rc4 32. Nce4 Nxe4 33. Nxe4 Rcc8 34. c3 Qf5 35. Ng3 Qd7 36. Rde3 Bf6 37. Ne4 Be5 38. Rd3 Bh8 39. Bg5 a4 40. Rde3 f6 41. Bh6 Bg7 42. Rd3 Bh8 43. Rde3 Ba8 44. Ng3 Qb7 45. Rd3 Rc7 46. h4 e5 47. h5 Rf7 48. Ne4 Qd7 49. Rg3 g5 50. c4 Bg7 51. Bxg7 Rxg7 52. Qb4 Rf7 53. Nxd6 Ref8 54. Nxf7 Qxf7 55. Qxa4 h6 56. Qa6 Re8 57. Qd6 Kg7 58. Rb3 e4 59. Rb8 Rxb8 60. Qxb8 Bb7 61. Qxa7 f5 62. Qd4+ Kg8 63. Qe5 Bc8 64. c5 Bb7 65. c6 Ba6 66. Qe6 Qxe6 67. dxe6 Kf8 68. c7 Ke7 69. Rd1 Bc8 70. Rd8 Bxe6 71. c8=Q Kf6 72. Rd6 Ke5 73. Qxe6+ Kf4 74. Qxh6 Kg4 75. Rg6 Kf4 76. Qxg5+ Ke5 77. Qg3+ Kd4 78. Qe3+ Kd5 79. Qd2+ Ke5 80. Qc3+ Kf4 81. Qg3# 1-0


[Site "https://www.chess.com"]

[Event "Titled Tuesday Blitz August 22 Late 2023"]
[White "Annaberdiyev, Meylis"]
[Black "Chigaev, Maksim"]
[WhiteFideId "14000563"]
[BlackFideId "4108116"]
[WhiteElo "2675"]
[BlackElo "2951"]
[Result "0-1"]
[Round "3"]
[TimeControl "180+1"]
[Date "2023.08.22"]
[WhiteClock "0:00:00"]
[BlackClock "0:00:30"]
[Board "22"]

1. e4 e5 2. Nf3 Nc6 3. Bc4 Nf6 4. d3 Bc5 5. c3 d6 6. O-O h6 7. Re1 O-O 8. h3 a5 9. Nbd2 a4 10. Bb5 Bd7 11. Nf1 Qb8 12. Nh4 a3 13. b4 Bb6 14. Qf3 Qd8 15. Bc4 Kh7 16. Nf5 Ng8 17. N1g3 g6 18. Ne3 Bxe3 19. Bxe3 f5 20. exf5 gxf5 21. d4 e4 22. Qf4 Nce7 23. f3 d5 24. fxe4 dxc4 25. Qf3 fxe4 26. Qxe4+ Nf5 27. Nxf5 Bxf5 28. Qxb7 Qd6 29. Rf1 Rae8 30. Bf4 Qg6 31. Qxc7+ Rf7 32. Qc6 Qxc6 0-1


[Site "https://www.chess.com"]

[Event "Titled Tuesday Blitz August 22 Late 2023"]
[White "Drygalov, Sergey"]
[Black "Mamedov, Edgar"]
[WhiteFideId "24171743"]
[BlackFideId "13739980"]
[WhiteElo "2944"]
[BlackElo "2673"]
[Result "1-0"]
[Round "3"]
[TimeControl "180+1"]
[Date "2023.08.22"]
[WhiteClock "0:00:09"]
[BlackClock "0:00:00"]
[Board "23"]

1. d4 d5 2. c4 e6 3. Nf3 c6 4. Nbd2 Nf6 5. g3 c5 6. cxd5 exd5 7. Bg2 Nc6 8. O-O Be6 9. h3 c4 10. Ng5 Be7 11. e4 Nxd4 12. Nxe6 fxe6 13. e5 Nd7 14. Nxc4 Nc6 15. Nd6+ Bxd6 16. exd6 O-O 17. b3 Qf6 18. Rb1 Rac8 19. Bb2 Qf7 20. f4 Qg6 21. Qg4 Nb4 22. Qxg6 hxg6 23. a3 Na2 24. Rfe1 Kf7 25. Ra1 Nc3 26. a4 d4 27. Rac1 b6 28. Bb7 Rb8 29. Bf3 Rbc8 30. Kf2 e5 31. fxe5 Ke6 32. Kg2 Nxe5 33. Bg4+ Kxd6 34. Bxc8 Rxc8 35. Bxc3 dxc3 36. Re3 c2 37. Kf2 Kd5 38. Ke2 Kd4 39. Kd2 Rf8 40. Re2 Rf3 41. Kxc2 Rxg3 42. Rd1+ Rd3 43. Rxd3+ Nxd3 44. Rd2 1-0


[Site "https://www.chess.com"]

[Event "Titled Tuesday Blitz August 22 Late 2023"]
[White "Skvortsov, Andrei"]
[Black "Dominguez Perez, Leinier"]
[WhiteFideId "24108600"]
[BlackFideId "3503240"]
[WhiteElo "2663"]
[BlackElo "2939"]
[Result "1-0"]
[Round "3"]
[TimeControl "180+1"]
[Date "2023.08.22"]
[WhiteClock "0:00:39"]
[BlackClock "0:00:03"]
[Board "24"]

1. e4 c5 2. d4 cxd4 3. Qxd4 Nc6 4. Qd3 g6 5. Nc3 Bg7 6. Nf3 Nf6 7. Be2 O-O 8. O-O d6 9. Nd5 Nd7 10. c3 e6 11. Ne3 Nc5 12. Qc2 b6 13. b4 Nd7 14. Ba3 Qc7 15. Rfd1 Ne7 16. Rac1 Bb7 17. c4 Rfd8 18. Bb2 Bxb2 19. Qxb2 Bxe4 20. Ng4 e5 21. c5 bxc5 22. bxc5 Rab8 23. cxd6 Qxd6 24. Qc3 Qc6 25. Qe3 Nf5 26. Nh6+ Kh8 27. Nxf5 Qb7 28. Nd6 1-0


[Site "https://www.chess.com"]

[Event "Titled Tuesday Blitz August 22 Late 2023"]
[White "Piesik, Piotr"]
[Black "Kovalev, Vladislav"]
[WhiteFideId "1136194"]
[BlackFideId "13504398"]
[WhiteElo "2663"]
[BlackElo "2939"]
[Result "0-1"]
[Round "3"]
[TimeControl "180+1"]
[Date "2023.08.22"]
[WhiteClock "0:01:04"]
[BlackClock "0:00:55"]
[Board "25"]

1. Nf3 Nf6 2. g3 d5 3. Bg2 e6 4. O-O Be7 5. d3 c5 6. Nbd2 Nc6 7. e4 b6 8. Qe2 Bb7 9. c3 Ba6 10. e5 Nd7 11. h4 h6 12. h5 Qc7 13. Re1 O-O-O 14. Nf1 g5 15. N1h2 Bf8 16. Ng4 Bg7 17. a3 Rhe8 18. b4 f5 19. exf6 Nxf6 20. Nxf6 Bxf6 21. Bb2 c4 22. d4 e5 23. dxe5 Nxe5 24. Nxe5 Bxe5 25. Qg4+ Kb8 26. a4 Bc8 27. Qf3 Bb7 28. Rad1 Qg7 29. Re3 d4 30. Qxb7+ Qxb7 31. Bxb7 dxe3 0-1


[Site "https://www.chess.com"]

[Event "Titled Tuesday Blitz August 22 Late 2023"]
[White "Henriquez Villagra, Cristobal"]
[Black "Kleiman, Jake"]
[WhiteFideId "3409350"]
[BlackFideId "2020041"]
[WhiteElo "2934"]
[BlackElo "2663"]
[Result "1-0"]
[Round "3"]
[TimeControl "180+1"]
[Date "2023.08.22"]
[WhiteClock "0:00:06"]
[BlackClock "0:00:05"]
[Board "26"]

1. g3 d5 2. Bg2 e6 3. d3 Nf6 4. f4 Bc5 5. Nf3 O-O 6. e3 Re8 7. O-O Nbd7 8. d4 Bf8 9. Nbd2 c5 10. Ne5 b6 11. b3 Bb7 12. Bb2 Qc7 13. g4 Rac8 14. g5 Ne4 15. Nxe4 dxe4 16. c4 a6 17. Qh5 Re7 18. Rad1 f6 19. Nxd7 Rxd7 20. d5 exd5 21. cxd5 g6 22. Qe2 f5 23. Be5 Bd6 24. Ba1 Bf8 25. d6 Qd8 26. Qc4+ Rf7 27. Rd2 b5 28. Qc2 Rc6 29. Rfd1 Bc8 30. Bf1 Be6 31. a4 c4 32. axb5 axb5 33. bxc4 bxc4 34. d7 Bg7 35. Bxg7 Rxg7 36. Qc3 Rf7 37. Rd6 Rxd6 38. Rxd6 Re7 39. Qf6 Bf7 40. Qxe7 Qxe7 41. d8=Q+ Qxd8 42. Rxd8+ Kg7 43. Rc8 1-0


[Site "https://www.chess.com"]

[Event "Titled Tuesday Blitz August 22 Late 2023"]
[White "Pham, Le Thao Nguyen"]
[Black "Kramnik, Vladimir"]
[WhiteFideId "12401226"]
[BlackFideId "4101588"]
[WhiteElo "2661"]
[BlackElo "2932"]
[Result "0-1"]
[Round "3"]
[TimeControl "180+1"]
[Date "2023.08.22"]
[WhiteClock "0:00:00"]
[BlackClock "0:00:19"]
[Board "27"]

1. d4 d5 2. c4 e6 3. Nc3 Nf6 4. Bg5 Be7 5. e3 h6 6. Bh4 O-O 7. Nf3 b6 8. cxd5 Nxd5 9. Nxd5 exd5 10. Bxe7 Qxe7 11. Rc1 Be6 12. Be2 c5 13. b3 a5 14. O-O Nd7 15. Bb5 Nf6 16. h3 Rfc8 17. Ne5 Rc7 18. Qe2 Ne4 19. Rc2 cxd4 20. Nc6 Qg5 21. f4 Qf6 22. Nxd4 Rxc2 23. Qxc2 Rc8 24. Qb2 Rc5 25. Bd3 Nd6 26. f5 Bd7 27. Qf2 b5 28. Qf4 Rc3 29. Rd1 b4 30. g4 a4 31. Kg2 axb3 32. axb3 Qe7 33. Kf3 f6 34. h4 Nf7 35. Kg3 Ne5 36. Be2 Nc6 37. Nxc6 Rxe3+ 38. Kf2 Rxe2+ 39. Kf1 Bxc6 40. g5 fxg5 41. hxg5 hxg5 42. Qb8+ Be8 43. Qg3 Qe4 44. Qxg5 Qf3+ 45. Kg1 Qf2+ 0-1


[Site "https://www.chess.com"]